 Dungeon Crawl Stone Soup version 0.30-a0-778-g2ef04afb54 (webtiles) character file.

Game seed: 13763330430471532645

34478 mandoloar the Thaumaturge (level 13, -10/76 HPs)
             Began as a Deep Elf Conjurer on Feb 16, 2023.
             Was an Elder of Vehumet.
             Killed by an exploding fulminant prism (34 damage)
             ... on level 5 of the Lair of Beasts on Feb 17, 2023.
             The game lasted 01:13:34 (22990 turns).

mandoloar the Thaumaturge (Deep Elf Conjurer)      Turns: 22990, Time: 01:13:34

Health: -10/76     AC:  5    Str:  9    XL:     13   Next: 42%
Magic:  12/32      EV: 16    Int: 41    God:    Vehumet [****..]
Gold:   1501       SH:  5    Dex: 13    Spells: 12/39 levels left

rFire   + . .      SeeInvis .    a - +1 spear of Duty {heavy, rN+ Str+5 Int+6}
rCold   + . .      Faith    .    H - +0 buckler
rNeg    + . .      Spirit   .    l - +1 robe {rF+}
rPois   .          Reflect  .    o - +0 helmet
rElec   .          Harm     .    (no cloak)
rCorr   .          Rampage  .    m - +0 pair of gloves
Will    +....                    (no boots)
Stlth   +++                      n - amulet of magic regeneration
HPRegen 0.32/turn                c - +6 ring of intelligence
MPRegen 0.63/turn                t - ring of protection from cold

@: no status effects
A: no striking features
a: Renounce Religion


You were on level 5 of the Lair of Beasts.
You worshipped Vehumet.
Vehumet was greatly pleased with you.
You visited 4 branches of the dungeon, and saw 18 of its levels.

You collected 1501 gold pieces.

Inventory:

Hand Weapons
 a - the +1 spear of Duty (weapon) {heavy, rN+ Str+5 Int+6}
   (You found it on level 4 of the Dungeon)

   Str:       It affects your strength (+5).
   Int:       It affects your intelligence (+6).
   rN:        It protects you from negative energy.
Missiles
 f - 23 poisoned darts
Armour
 l - a +1 robe of fire resistance (worn)
 m - a +0 pair of gloves (worn)
 o - a +0 helmet (worn)
 H - a +0 buckler (worn)
Jewellery
 c - a +6 ring of intelligence (left hand)
 h - an amulet of regeneration
 n - an amulet of magic regeneration (around neck)
 t - a ring of protection from cold (right hand)
 A - a ring of willpower
 B - a ring of flight
Wands
 w - a wand of mindburst (20)
 y - a wand of light (18)
 J - a wand of flame (15)
Scrolls
 b - a scroll of blinking
 e - 2 scrolls of fear
 i - 2 scrolls of enchant weapon
 j - 4 scrolls of poison
 r - 5 scrolls of enchant armour
 u - 4 scrolls of amnesia
 v - 9 scrolls of teleportation
 x - 2 scrolls of fog
 E - a scroll of identify
 F - 2 scrolls of magic mapping
 L - a scroll of silence
Potions
 d - 4 potions of curing
 g - 4 potions of brilliance
 k - 2 potions of resistance
 p - 5 potions of lignification
 q - 3 potions of flight
 s - 3 potions of attraction
 z - a potion of ambrosia
 C - 2 potions of invisibility
 D - 4 potions of might
 G - 2 potions of heal wounds
 I - a potion of mutation
 K - a potion of haste
 M - a potion of magic


   Skills:
 + Level 7.4 Fighting
 + Level 10.9 Dodging
 - Level 7.0 Stealth
 - Level 5.0 Shields
 + Level 13.6 Spellcasting
 + Level 12.0 Conjurations
 - Level 7.0 Hexes
 - Level 7.0 Translocations
 + Level 7.8 Ice Magic


You had 12 spell levels left.
You knew the following spells:

 Your Spells              Type           Power      Damage    Failure   Level
a - Magic Dart            Conj           100%       1d8       0%          1
b - Searing Ray           Conj           100%       2d8       0%          2
c - Fulminant Prism       Conj/Hex       41%        3d19      1%          4
d - Iskenderun's Mystic   Conj/Tloc      82%        2d16      1%          4
e - Tukima's Dance        Hex            71%        N/A       1%          3
f - Ozocubu's Refrigerat  Ice            37%        4d15      13%         7
g - Simulacrum            Ice/Necr       28%        N/A       41%         6

Your spell library contained the following spells:

 Spells                   Type           Power      Damage    Failure   Level
 Kindle Blastsparks       Fire/Tloc/Air  92%        2d17      1%          3
 Foxfire                  Conj/Fire      100%       2x1d9     1%          1
 Sandblast                Erth           54%        2d13      1%          1
 Slow                     Hex            100%       N/A       1%          1
 Poisonous Vapours        Pois/Air       54%        N/A       1%          2
 Dazzling Flash           Conj/Hex       100%       N/A       1%          3
 Hailstorm                Conj/Ice       83%        3d17      1%          3
 Ignite Poison            Fire/Tmut/Pois 27%        N/A       1%          3
 Inner Flame              Hex/Fire       54%        N/A       1%          3
 Mephitic Cloud           Conj/Pois/Air  57%        N/A       1%          3
 Ozocubu's Armour         Ice            75%        N/A       1%          3
 Stone Arrow              Conj/Erth      100%       3d13      1%          3
 Passage of Golubria      Tloc           71%        N/A       1%          4
 Fireball                 Conj/Fire      33%        3d14      1%          5
 Cigotuvi's Dreadful Rot  Necr/Pois/Air  54%        N/A       2%          2
 Passwall                 Tmut/Erth      22%        N/A       2%          2
 Ice Form                 Ice/Tmut       56%        N/A       2%          4
 Yara's Violent Unravell  Hex/Tmut       27%        3d12      2%          5
 Starburst                Conj/Fire      33%        6d10      5%          6
 Silence                  Hex/Air        27%        N/A       10%         5
 Dispersal                Tloc           35%        N/A       13%         6
 Malign Gateway           Summ/Tloc      27%        N/A       96%         7


Dungeon Overview and Level Annotations

Branches:
Dungeon (11/15)            Temple (1/1) D:7            Lair (5/5) D:9
 Shoals (0/4) Lair:3        Snake (0/4) Lair:2        Slime (1/5) Lair:4
    Orc (0/2) D:10

Altars:
Ashenzari
Cheibriados
Dithmenos
Elyvilon
Fedhas
Gozag
Hepliaklqana
Kikubaaqudgha
Makhleb
Nemelex Xobeh
Okawaru
Qazlal
Ru
Sif Muna
Trog
Uskayaw
Vehumet
Wu Jian
Xom
Yredelemnul
Zin
The Shining One

Shops:
D:2 [   D:6 *

Annotations:
D:4 3 runed translucent doors, horus123's ghost, amateur DECj
D:8 2 transporters, Smoke131's ghost, novice OgGl


Message History

Your fulminant prism crackles loudly.
The boulder beetle attacks as you move away!
You block the boulder beetle's attack.
Your fulminant prism explodes!
You hear a roar!
Casting: Fulminant Prism (safe; 1% risk of failure)
Confirm with . or Enter, or press ? or * to list all spells.
You erupt in a blast of force!
The mystic blast hits the boulder beetle.
The boulder beetle is lightly wounded.
The boulder beetle is knocked back by the mystic blast.
Casting: Iskenderun's Mystic Blast (safe; 1% risk of failure)
Confirm with . or Enter, or press ? or * to list all spells.
You erupt in a blast of force!
The mystic blast hits the boulder beetle!!
The boulder beetle is heavily wounded.
The boulder beetle is knocked back by the mystic blast.
The boulder beetle curls into a ball and begins rolling!
Casting: Iskenderun's Mystic Blast (safe; 1% risk of failure)
Confirm with . or Enter, or press ? or * to list all spells.
Aiming: Fulminant Prism (safe; 1% risk of failure)
Press: ? - help, Dir - move target You conjure a prism of explosive energy!
A fulminant prism comes into view.
The boulder beetle hits you!!
The boulder beetle stops rolling and uncurls.
Your fulminant prism crackles loudly.
Casting: Fulminant Prism (safe; 1% risk of failure)
Confirm with . or Enter, or press ? or * to list all spells.
You erupt in a blast of force!
The mystic blast hits the boulder beetle!
The boulder beetle is heavily wounded.
The boulder beetle is knocked back by the mystic blast.
The boulder beetle collides with your fulminant prism!
Your fulminant prism is lightly damaged.
Your fulminant prism explodes!
The blast of energy engulfs the boulder beetle!!
The boulder beetle is severely wounded.
The blast of energy engulfs you!!
You die...

......# ................#
.......# ##P..P..........P#######
.......#P#....#..........##.#P#..
..............................#..
.................................
.................................
.................°...............
................B................
................@................
.................................
.................................
...................†.............
...................#.....P...P...
.........................#...##..
.............#.............####.#
......P.#####..#...........# ###
......### #............#


You could see a boulder beetle.

Vanquished Creatures
  Fannar (Lair:1)
  Erica (Lair:2)
  4 hydras
  A two-headed ogre (D:10)
  2 boulder beetles
  4 skysharks
  Lodul (D:10)
  A manticore (D:8)
  4 oklob plants (Lair:2)
  An elephant (Lair:1)
  3 merfolk sirens (Lair:3)
  A torpor snail (Lair:4)
  6 black mambas
  A gargoyle (D:10)
  An orange demon (Lair:2)
  9 cane toads
  A rime drake (Lair:4)
  5 komodo dragons
  A troll (D:9)
  A merfolk (Lair:3)
  A polar bear (Lair:4)
  10 blink frogs
  2 dancing weapons
  5 slime creatures (D:10)
  3 wyverns
  2 basilisks
  24 yaks
  A steam dragon (D:8)
  An acid dragon (D:10)
  A naga (shapeshifter) (D:10)
  Duvessa (D:7)
  3 nagas (Lair:2)
  10 water moccasins
  A sky beast (D:8)
  7 orc warriors
  2 black bears
  3 ice beasts
  4 centaurs
  11 wolves
  6 ogres (D:10)
  A phantom (D:5)
  A kobold brigand (D:7)
  16 bullfrogs
  A gnoll sergeant (D:6)
  4 scorpions
  A necrophage (D:6)
  12 wights
  Dowan (D:7)
  6 killer bees (D:9)
  A hound (D:5)
  4 jellies
  3 orc priests
  7 iguanas
  5 orc wizards
  4 hell rats (Lair:3)
  13 gnolls
  8 adders
  3 white imps
  2 ufetubi (D:6)
  A worm (D:3)
  6 dart slugs
  32 orcs
  12 ball pythons
  7 endoplasms
  5 giant cockroaches
  5 goblins
  12 hobgoblins
  4 jackals (D:4)
  6 quokkas
  6 bats
  3 frilled lizards
  13 kobolds
  4 rats
356 creatures vanquished.

Vanquished Creatures (collateral kills)
  Amaemon (Lair:2)
  A centaur (D:9)
  A wight (D:9)
3 creatures vanquished.

Vanquished Creatures (others)
  2 dancing weapons
  295 fulminant prisms
  29 fungi
  84 plants
410 creatures vanquished.

Grand Total: 769 creatures vanquished

Notes
Turn   | Place    | Note
-------+----------+-------------------------------------------
     0 | D:1      | mandoloar the Deep Elf Conjurer began the quest for the
                  | Orb.
     0 | D:1      | Reached XP level 1. HP: 10/10 MP: 6/6
   497 | D:1      | Reached XP level 2. HP: 15/15 MP: 6/8
   531 | D:1      | Learned a level 2 spell: Searing Ray
  1180 | D:1      | Reached skill level 4 in Spellcasting
  1525 | D:2      | Found a faded altar of an unknown god.
  1529 | D:2      | Reached skill level 5 in Conjurations
  1529 | D:2      | Reached XP level 3. HP: 19/19 MP: 6/10
  1708 | D:2      | Found Cietruax's Armour Shop.
  2255 | D:2      | Noticed a scorpion
  2260 | D:2      | Killed a scorpion
  2261 | D:2      | Reached skill level 5 in Spellcasting
  2261 | D:2      | Reached XP level 4. HP: 16/24 MP: 1/13
  2274 | D:2      | Learned a level 4 spell: Fulminant Prism
  2279 | D:2      | Learned a level 4 spell: Iskenderun's Mystic Blast
  2467 | D:2      | You fall into a shaft and drop 2 floors!
  2693 | D:4      | Reached skill level 1 in Hexes
  2693 | D:4      | Reached XP level 5. HP: 28/28 MP: 9/14
  2738 | D:4      | Reached skill level 1 in Translocations
  3023 | D:4      | Found a hazy altar of Hepliaklqana.
  3199 | D:5      | Entered Level 5 of the Dungeon
  3422 | D:4      | Noticed a black bear
  3502 | D:4      | Killed a black bear
  3503 | D:4      | Reached skill level 6 in Spellcasting
  3503 | D:4      | Reached XP level 6. HP: 25/32 MP: 4/17
  4701 | D:3      | Found a shadowy altar of Dithmenos.
  5614 | D:4      | Reached XP level 7. HP: 36/36 MP: 12/18
  5659 | D:4      | Found a runed translucent gate.
  5659 | D:4      | Found a runed translucent gate.
  5659 | D:4      | Found a runed translucent gate.
  5660 | D:4      | Identified the +7 short sword of Fedhas's Delight {freeze,
                  | rPois}
  5660 | D:4      | Noticed horus123's ghost (amateur DECj)
  5726 | D:4      | Found a glowing silver altar of Zin.
  5816 | D:4      | Identified the +9 trident of Excruciating Pain {freeze,
                  | Str+6}
  6012 | D:4      | Identified the +1 spear of Duty {heavy, rN+ Str+5 Int+6}
  6571 | D:5      | Reached skill level 1 in Shields
  7287 | D:6      | Reached skill level 7 in Spellcasting
  7290 | D:6      | Reached XP level 8. HP: 40/41 MP: 6/20
  7532 | D:6      | Reached skill level 5 in Hexes
  7632 | D:6      | Reached skill level 1 in Fighting
  7906 | D:6      | Found Tulam's Assorted Antiques.
  8362 | D:7      | Reached skill level 8 in Spellcasting
  8362 | D:7      | Reached XP level 9. HP: 35/48 MP: 14/23
  8899 | D:7      | Reached skill level 5 in Translocations
  9028 | D:7      | Found a staircase to the Ecumenical Temple.
  9037 | Temple   | Entered the Ecumenical Temple
  9131 | Temple   | Became a worshipper of Vehumet
  9730 | D:7      | Noticed Dowan
  9740 | D:7      | Killed Dowan
  9743 | D:7      | Noticed Duvessa
  9753 | D:7      | Killed Duvessa
 10179 | D:8      | Found an ancient bone altar of Kikubaaqudgha.
 10385 | D:8      | Identified the +2 war axe of Broken Luck {drain, Drain
                  | rElec rN+ Dex+2}
 10581 | D:8      | Found a transporter.
 10582 | D:8      | Found a transporter.
 10582 | D:8      | Identified the ring of Tender Moments {rF+ EV+5 Str+7
                  | Stlth-}
 10603 | D:8      | Noticed Smoke131's ghost (novice OgGl)
 10608 | D:8      | Identified the +1 trident "Lannepai" {venom, Contam Str+5}
 10609 | D:8      | Found a stormy altar of Qazlal.
 10634 | D:8      | Found an iron altar of Okawaru.
 10775 | D:8      | Reached skill level 5 in Stealth
 10837 | D:8      | Noticed a manticore
 10846 | D:8      | Killed a manticore
 10847 | D:8      | Reached skill level 5 in Dodging
 11352 | D:8      | Reached XP level 10. HP: 24/55 MP: 13/24
 11355 | D:8      | Reached skill level 9 in Spellcasting
 12322 | D:9      | HP: 2/56 [centaur/arrow (11)]
 12438 | D:8      | Learned a level 3 spell: Tukima's Dance
 12559 | D:9      | Identified the +6 sling of Joruiheg {antimagic, Contam rF+
                  | rCorr Dex+2}
 13283 | D:9      | Found a staircase to the Lair.
 13335 | D:9      | Reached * piety under Vehumet
 13335 | D:9      | Offered knowledge of Freeze by Vehumet.
 13461 | D:10     | Entered Level 10 of the Dungeon
 13703 | D:10     | Learned a level 7 spell: Ozocubu's Refrigeration
 13749 | D:10     | Noticed a two-headed ogre
 13830 | D:10     | Noticed Lodul
 13842 | D:10     | Killed Lodul
 13843 | D:10     | Reached skill level 10 in Spellcasting
 13843 | D:10     | Reached XP level 11. HP: 61/61 MP: 21/27
 13900 | D:10     | Found a burning altar of Makhleb.
 13901 | D:10     | Found an ornate altar of the Wu Jian Council.
 14040 | D:10     | Offered knowledge of Static Discharge by Vehumet.
 14154 | D:10     | Noticed a boulder beetle
 14222 | D:10     | Reached skill level 1 in Ice Magic
 14250 | D:10     | Reached ** piety under Vehumet
 14251 | D:10     | Killed a two-headed ogre
 14307 | D:11     | Noticed a boulder beetle
 14388 | D:10     | Found a staircase to the Orcish Mines.
 14515 | D:10     | Reached skill level 5 in Shields
 14541 | D:10     | Got the Codex of Charmed Location
 14733 | D:10     | Killed a boulder beetle
 15067 | D:11     | Noticed a boulder beetle
 15141 | Lair:1   | Entered Level 1 of the Lair of Beasts
 15143 | Lair:1   | Noticed a skyshark
 15150 | Lair:1   | Killed a skyshark
 15248 | Lair:1   | Reached skill level 5 in Fighting
 15353 | Lair:1   | Noticed a skyshark
 15358 | Lair:1   | Killed a skyshark
 15359 | Lair:1   | Reached skill level 11 in Spellcasting
 15359 | Lair:1   | Reached skill level 10 in Conjurations
 15360 | Lair:1   | Noticed a five-headed hydra
 15792 | Lair:1   | Killed a five-headed hydra
 15945 | Lair:1   | Noticed a skyshark
 15959 | Lair:1   | Killed a skyshark
 16042 | Lair:1   | Learned a level 6 spell: Simulacrum
 16110 | Lair:1   | Noticed Fannar
 16119 | Lair:1   | Noticed a boulder beetle
 16123 | Lair:1   | Killed Fannar
 16124 | Lair:1   | Reached XP level 12. HP: 65/68 MP: 9/29
 16358 | Lair:1   | Killed a boulder beetle
 17040 | Lair:2   | Noticed a four-headed hydra
 17047 | Lair:2   | Killed a four-headed hydra
 17048 | Lair:2   | Reached skill level 5 in Ice Magic
 17287 | Lair:2   | Reached skill level 12 in Spellcasting
 17335 | Lair:2   | Identified the +2 glaive of the Boiling Point {venom,
                  | Dex+6}
 17345 | Lair:2   | Got the Discourse on Burnt Terrain
 17364 | Lair:2   | Noticed Erica
 17384 | Lair:2   | Killed Erica
 17939 | Lair:2   | Noticed Amaemon
 17961 | Lair:2   | Killed Amaemon
 18220 | Lair:2   | Found a staircase to the Snake Pit.
 18426 | Lair:3   | Offered knowledge of Frozen Ramparts by Vehumet.
 18867 | Lair:3   | Reached *** piety under Vehumet
 18934 | Lair:3   | Noticed a seven-headed hydra
 18951 | Lair:3   | Killed a seven-headed hydra
 19172 | Lair:3   | Reached skill level 10 in Dodging
 19514 | Lair:3   | Found a staircase to the Shoals.
 20405 | Lair:4   | Reached XP level 13. HP: 42/76 MP: 25/31
 20406 | Lair:4   | Reached skill level 13 in Spellcasting
 20407 | Lair:4   | Offered knowledge of Kindle Blastsparks by Vehumet.
 21540 | Lair:4   | Found a staircase to the Slime Pits.
 21953 | Slime:1  | Entered Level 1 of the Pits of Slime
 21953 | Slime:1  | Noticed an azure jelly
 21953 | Slime:1  | Noticed a quicksilver ooze
 21993 | Lair:5   | Entered Level 5 of the Lair of Beasts
 22343 | Lair:5   | Reached **** piety under Vehumet
 22990 | Lair:5   | Killed by an exploding fulminant prism

Illustrated notes

Levels and vault maps discovered:
D:1:      scummos_arrival_checkerplants, layout_basic
D:2:      minmay_angry_zag, layout_rooms, nicolae_ecumenical_pavilion,
          serial_shops, nicolae_lakefront_shop
D:3:      layout_basic, mainiacjoe_overflow_24_doors, minmay_box_of_dots
D:4:      minmay_chambers_of_threes, layout_cave_pools, lemuel_tele_altar,
          mainiacjoe_overflow_alcove_2, biasface_ghost_orc_armoury,
          serial_glass, glass_columns_c, glass_columns_a
D:5:      layout_cave_pools, st_stairs_7, hangedman_decor_diamond_cutter
D:6:      layout_rooms, serial_shops, nicolae_shop_waterfront
D:7:      layout_basic, minmay_temple_entry_drinking_statues, uniq_duvessa
D:8:      minmay_slanted_spiral_squares, layout_basic,
          grunt_temple_overflow_open, nicolae_qazlal_scattered_showers,
          gammafunk_ghost_gnarly_gnolls
D:9:      layout_long_grid, lair_entry_dummy
D:10:     layout_roguey, nicolae_overflow_two_pavilions, orc_david_3,
          minmay_strange_pillars, minmay_radiant, uniq_lodul
D:11:     layout_loops_ring
Temple:   minmay_temple_curvy_branch
Lair:1:   layout_chaotic_city, hangedman_lair_generics_rect, grunt_megastairs_3,
          uniq_fannar
Lair:2:   minmay_lair_oklob_chamber, layout_long_grid,
          nicolae_snake_entry_squirm, uniq_erica, uniq_amaemon
Lair:3:   layout_loops_ring, elwin_shoals_entry_stream,
          hangedman_lair_unloving_vines
Lair:4:   nzn_winding_woodlands_three_and_one [nzn_winding_woodlands_5x15_twine,
          nzn_winding_woodlands_5x15_pathside_ponds,
          nzn_winding_woodlands_5x15_sawtooth,
          nzn_winding_woodlands_center_diamonds], layout_regular_city,
          slime_entry_1, nicolae_quartered_pool_medium
Lair:5:   hangedman_lair_caniforms_friends, layout_hall_layers,
          guppyfry_lair_end_dragon
Slime:1:  layout_caves

Skill      XL: |  1  2  3  4  5  6  7  8  9 10 11 12 13 |
---------------+----------------------------------------+-----
Spellcasting   | 4 5 6 7 8 10 11 12 13 | 13.6
Conjurations   | 5 6 7 8 9 10 11 12 | 12.0
Hexes          | 1 2 3 4 5 7 |  7.0
Translocations | 2 3 4 5 6 7 |  7.0
Shields        | 1 2 3 4 5 |  5.0
Stealth        | 4 5 7 |  7.0
Dodging        | 3 5 6 8 10 | 10.9
Fighting       | 1 2 4 5 6 7 |  7.4
Ice Magic      | 4 7 |  7.8

Action                     |  1- 3 |  4- 6 |  7- 9 | 10-12 | 13-15 || total
---------------------------+-------+-------+-------+-------+-------++-------
  Melee: Spear             |       |       |       |    12 |       ||    12
   Cast: Magic Dart        |    81 |    86 |    50 |    16 |       ||   233
         Searing Ray       |     3 |    14 |     3 |       |       ||    20
         Fulminant Prism   |       |     7 |    53 |   174 |    62 ||   296
         Iskenderun's Myst |       |     1 |    33 |    93 |    26 ||   153
         Tukima's Dance    |       |       |       |     8 |       ||     8
    Use: Scroll            |       |     5 |     2 |    18 |     1 ||    26
         Potion            |       |       |       |     5 |       ||     5
 Armour: Robe              |     4 |     6 |     8 |    21 |     2 ||    41
  Dodge: Dodged            |     1 |    17 |    26 |    84 |    21 ||   149
  Block: Buckler           |       |       |    11 |    22 |     3 ||    36

Table legend: (Time is in decaauts)
 A = Elapsed time spent in this place.
 B = Non-inter-level travel time spent in this place.
 C = Inter-level travel time spent in this place.
 D = Time resting spent in this place.
 E = Time spent auto-exploring this place.
 F = Levels seen in this place.
 G = Mean time per level.
                   A        B        C        D        E       F      G
               +--------+--------+--------+--------+--------+-----+--------+
         Total |  23056 |  21964 |   1092 |  10486 |   8334 |  18 | 1280.9 |
       Dungeon |  15697 |  14908 |    789 |   7904 |   4843 |  11 | 1427.0 |
        Temple |    254 |    249 |      5 |      0 |    243 |   1 |  254.0 |
          Lair |   7102 |   6805 |    297 |   2582 |   3248 |   5 | 1420.4 |
    Slime Pits |      1 |      1 |      0 |      0 |      0 |   1 |    1.0 |
               +--------+--------+--------+--------+--------+-----+--------+

Top non-repeatable levels by time:
     D:9: 2874 daAuts
     D:4: 2235 daAuts
  Lair:3: 2033 daAuts
  Lair:4: 1771 daAuts
     D:1: 1590 daAuts
     D:7: 1499 daAuts
    D:10: 1440 daAuts
     D:8: 1435 daAuts
  Lair:2: 1424 daAuts
     D:3: 1388 daAuts
  Lair:1: 1368 daAuts
     D:5: 1303 daAuts
     D:2: 925 daAuts
     D:6: 921 daAuts
  Lair:5: 505 daAuts
